 Dungeon Crawl Stone Soup version 0.22.0-49-gab54619 (webtiles) character file.

514 dvd the Conjurer (level 7, 0/37 HPs)
             Began as a Deep Elf Conjurer on Sept 4, 2018.
             Slain by a centaur skeleton (8 damage)
             ... on level 5 of the Dungeon.
             The game lasted 00:11:41 (4428 turns).

dvd the Conjurer (Deep Elf Conjurer)                Turns: 4428, Time: 00:11:42

Health: 0/37       AC:  3    Str:  5    XL:     7   Next: 0%
Magic:  5/18       EV: 13    Int: 22    God:
Gold:   164        SH:  0    Dex: 15    Spells: 8/18 levels left

rFire    . . .     SeeInvis .   (no weapon)
rCold    + . .     Gourm    .   (no shield)
rNeg     . . .     Faith    .   a - +0 robe
rPois    .         Spirit   .   (no helmet)
rElec    .         Reflect  .   (no cloak)
rCorr    .         Harm     .   (no gloves)
MR       .....                  t - +0 pair of boots
Stlth    +++.......             (no amulet)
HPRegen  0.12/turn              h - ring of protection from cold
MPRegen  0.16/turn              (no ring)

@: hasted, very quick
A: no striking features
a: no special abilities


You were on level 5 of the Dungeon.
You were hungry.

You visited 1 branch of the dungeon, and saw 5 of its levels.

You collected 164 gold pieces.

Inventory:

Hand Weapons
 e - a +1 dagger
Armour
 a - a +0 robe (worn)
 t - a +0 pair of boots (worn)
Jewellery
 h - a ring of protection from cold (left hand)
Wands
 l - a wand of clouds (5)
Scrolls
 d - 2 scrolls of identify
 f - 7 scrolls of remove curse
 i - a scroll of random uselessness
 k - a scroll of enchant weapon
 o - 2 scrolls of teleportation {unknown}
 q - a scroll of magic mapping {unknown}
Potions
 b - 3 potions of magic {unknown}
 j - a potion of invisibility {unknown}
 m - a potion of heal wounds {unknown}
 n - a potion of lignification {unknown}
 p - a potion of brilliance {unknown}
 r - a potion of curing {unknown}
Comestibles
 c - 10 rations


   Skills:
 + Level 0.7 Fighting
 + Level 3.3 Dodging
 + Level 3.6 Stealth
 + Level 6.3 Spellcasting
 + Level 6.9 Conjurations
 + Level 0.2 Hexes
 * Level 0.7 Translocations


You had 8 spell levels left.
You knew the following spells:

 Your Spells              Type           Power        Failure   Level  Hunger
a - Magic Dart            Conj           ####         1%          1    None
b - Searing Ray           Conj           #####.       1%          2    None
c - Dazzling Spray        Conj/Hex       ###...       6%          3    #......
d - Force Lance           Conj/Tloc      ###.....     19%         4    ###....

Your spell library contained the following spells:

 Spells                   Type           Power        Failure   Level  Hunger
 Iskenderun's Mystic Bla  Conj           #####...     4%          4    ###....
 Fulminant Prism          Conj/Hex       ###.......   21%         4    ###....


Dungeon Overview and Level Annotations

Branches:
Dungeon (5/15)
 Temple: D:4-7

Altars:
Sif Muna
Trog

Shops:
D:5 (

Annotations:
D:3 1 runed door, ubloh's ghost, amateur MiHu


Message History

You feel blessed for a moment.
It was a scroll of remove curse.
Unknown command.
As you read the scroll labeled TAECSI KASCHOPN, it crumbles to dust.
Your hands glow pulsating grey for a moment.
It was a scroll of random uselessness.
Unknown command.
Casting: Force Lance (slightly dangerous; 19% risk of failure)
Confirm with . or Enter, or press ? or * to list all spells.
Aiming: Magic Dart (safe; 1% risk of failure)
Press: ? - help, Shift-Dir - straight line, f/p - centaur skeleton
Aim: a centaur skeleton (severely damaged)
The magic dart hits the centaur skeleton.
The centaur skeleton is almost destroyed.
The centaur skeleton hits you.
* * * LOW HITPOINT WARNING * * *
Unknown command.
As you read the scroll labeled WOYS JOULITEZ, it crumbles to dust.
It is a scroll of enchant weapon.
Your dagger glows red for a moment.
The centaur skeleton hits you!
You die...

#.## #..##
#...# #...#
#...# ..###
.## ## ### #
###########@#
##......O.tZ##
##.....#######
##...####
###...##
....### #####


You could see a crocodile, an ogre and a centaur skeleton.

Vanquished Creatures
  An ogre (D:4)
  A hound (D:4)
  A crimson imp (D:4)
  2 orc priests (D:4)
  2 orc wizards (D:4)
  3 worker ants
  8 adders
  An ooze (D:4)
  2 worms
  3 dart slugs
  4 leopard geckos
  4 orcs (D:4)
  4 giant cockroaches
  5 goblins
  4 hobgoblins
  14 jackals
  A quokka (D:2)
  8 bats
  7 frilled lizards
  A giant cockroach zombie (D:5)
  11 kobolds
  5 rats (D:1)
92 creatures vanquished.

Notes
Turn   | Place    | Note
-------+----------+-------------------------------------------
     0 | D:1      | dvd the Deep Elf Conjurer began the quest for the Orb.
     0 | D:1      | Reached XP level 1. HP: 10/10 MP: 6/6
   129 | D:1      | Reached XP level 2. HP: 15/15 MP: 6/8
   151 | D:1      | Learned a level 2 spell: Searing Ray
   386 | D:1      | Reached skill level 5 in Conjurations
   637 | D:1      | Reached XP level 3. HP: 19/19 MP: 6/9
  1161 | D:2      | Learned a level 3 spell: Dazzling Spray
  1864 | D:2      | Reached XP level 4. HP: 24/24 MP: 9/12
  2238 | D:3      | Found a runed door.
  2238 | D:3      | Noticed ubloh's ghost (amateur MiHu)
  2302 | D:3      | Found a bloodstained altar of Trog.
  2819 | D:4      | Reached XP level 5. HP: 26/28 MP: 5/13
  3357 | D:4      | Reached XP level 6. HP: 13/33 MP: 9/15
  3367 | D:4      | Reached skill level 5 in Spellcasting
  3654 | D:4      | Found a deep blue altar of Sif Muna.
  3866 | D:4      | Learned a level 4 spell: Force Lance
  4332 | D:5      | Entered Level 5 of the Dungeon
  4371 | D:5      | Found Zunus's Weapon Shoppe.
  4381 | D:5      | Reached XP level 7. HP: 37/37 MP: 8/18
  4428 | D:5      | Slain by a centaur skeleton

Skill      XL: |  1  2  3  4  5  6 |
---------------+-------------------+-----
Conjurations   | 5 6 |  6.9
Spellcasting   | 4 6 |  6.3
Stealth        | 3 |  3.6
Dodging        | 3 |  3.3
Fighting       | |  0.7
Hexes          | |  0.2
Translocations | |  0.7

Action                   |  1- 3 |  4- 6 |  7- 9 || total
-------------------------+-------+-------+-------++-------
 Cast: Magic Dart        |    86 |    65 |     1 ||   152
       Searing Ray       |     4 |    23 |       ||    27
       Dazzling Spray    |       |     5 |       ||     5
       Force Lance       |       |       |     2 ||     2
  Use: Scroll            |       |       |     4 ||     4
       Potion            |       |       |     1 ||     1
  Eat: Chunk             |     2 |     8 |       ||    10
Armor: Robe              |     4 |    10 |     1 ||    15
Dodge: Dodged            |    20 |    28 |     5 ||    53
